 Dungeon Crawl Stone Soup version 0.29-a0-575-g0dc89cf053 (webtiles) character file.

Game seed: 235057233765802257

42 Aapotti the Skirmisher (level 3, -5/33 HPs)
             Began as a Hill Orc Fighter on June 13, 2022.
             Slain by Robin
             ... wielding a +0 mace
              (7 damage)
             ... on level 2 of the Dungeon.
             The game lasted 00:03:48 (959 turns).

Aapotti the Skirmisher (Hill Orc Fighter)            Turns: 959, Time: 00:03:49

Health: -5/33      AC:  7    Str: 20    XL:     3   Next: 56%
Magic:  3/3        EV:  9    Int:  8    God:
Gold:   19         SH:  4    Dex: 10    Spells: 2/2 levels left

rFire   . . .      SeeInvis .   a - +0 war axe
rCold   . . .      Faith    .   c - +0 buckler
rNeg    . . .      Spirit   .   b - +0 scale mail
rPois   .          Reflect  .   (no helmet)
rElec   .          Harm     .   (no cloak)
rCorr   .          Rampage  .   (no gloves)
Will    .....                   (no boots)
Stlth   ..........              (no amulet)
HPRegen 0.11/turn               (no ring)
MPRegen 0.08/turn               (no ring)

@: brilliant
A: no striking features
a: no special abilities


You were on level 2 of the Dungeon.
You visited 1 branch of the dungeon, and saw 2 of its levels.

You collected 19 gold pieces.

Inventory:

Hand Weapons
 a - a +0 war axe (weapon)
Armour
 b - a +0 scale mail (worn)
 c - a +0 buckler (worn)
Scrolls
 f - 2 scrolls of teleportation {unknown}
 h - 2 scrolls of identify {unknown}
Potions
 d - a potion of might
 i - a potion of attraction {unknown}
 j - a potion of heal wounds


   Skills:
 + Level 4.1 Fighting
 + Level 3.4 Axes
 + Level 3.7 Armour
 + Level 3.7 Shields


You had 2 spell levels left.
You didn't know any spells.
Your spell library was empty.

Dungeon Overview and Level Annotations

Branches:
Dungeon (2/15)

Altars:

Annotations:
D:2 Robin


Message History

You slash the goblin!
You kill the goblin!
You hit Robin. You hit the goblin. The goblin hits you but does no damage.
You block Robin's attack.
You barely miss the goblin.
The goblin is heavily wounded.
You hit Robin. The goblin hits you with a +0 club.
* * * LOW HITPOINT WARNING * * *
Robin hits you with a +0 mace.
* * * LOW HITPOINT WARNING * * *
Robin drinks a potion.
Robin is healed!
The goblin closely misses you.
It was a potion of brilliance.
You feel clever all of a sudden. Robin barely misses you.
The goblin closely misses you.
You slash Robin!
Robin is heavily wounded.
You hit the goblin.
You kill the goblin!
Robin's bangles clink loudly.
Robin closely misses you.
You hit Robin but do no damage.
Robin is heavily wounded.
Robin hits you with a +0 mace.
* * * LOW HITPOINT WARNING * * *
You hit Robin but do no damage.
Robin is heavily wounded.
Robin hits you with a +0 mace.
* * * LOW HITPOINT WARNING * * *
You block Robin's attack.
You hit Robin.
Robin is heavily wounded.
Robin closely misses you.
You barely miss Robin.
Robin is heavily wounded.
Robin points. "Kill!"
Robin barely misses you.
You hit Robin but do no damage.
Robin is heavily wounded.
Robin barely misses you. Robin hits you with a +0 mace!
You die...

# ### ..### #..
...##########.#
#####.#..........#
............).)..###.
#......)........
#.#g#####)......
#####.)@#.. ......#
#....#)##.#####.....
##.##........ >.....#
###### #P.P#####.... .
...# #....####≈.≈##
#..##.# ...
#.♣.♣.##≈≈.≈≈####..##.###
..#
#.....P≈≈≈.≈≈≈P##<......#
#..8................###..
#.....P≈≈≈.≈≈≈P#....#


You could see Robin.

Vanquished Creatures
  2 dart slugs
  2 giant cockroaches
  13 goblins
  3 hobgoblins
  3 jackals (D:1)
  4 ball pythons
  2 bats (D:1)
  2 frilled lizards (D:2)
  A kobold (D:2)
  2 rats (D:1)
34 creatures vanquished.

Notes
Turn   | Place    | Note
-------+----------+-------------------------------------------
     0 | D:1      | Aapotti the Hill Orc Fighter began the quest for the Orb.
     0 | D:1      | Reached XP level 1. HP: 19/19 MP: 1/1
     6 | D:1      | Noticed a lindwurm
     6 | D:1      | Noticed an iguana
     6 | D:1      | Noticed a hound
     7 | D:1      | Noticed a polar bear
   168 | D:1      | Reached XP level 2. HP: 27/27 MP: 2/2
   693 | D:1      | Found a faded altar of an unknown god.
   832 | D:2      | Reached skill level 4 in Fighting
   834 | D:2      | Reached XP level 3. HP: 29/33 MP: 3/3
   930 | D:2      | Noticed Robin
   959 | D:2      | Slain by Robin

Illustrated notes

Levels and vault maps discovered:
D:1:      onia_arrival_zoo_common, layout_loops_corners,
          ebering_ecumenical_altar_webs
D:2:      kennysheep_the_goblin_king, layout_loops_ring,
          dreamdust_princess_bridge, grunt_decor_junction, uniq_terence,
          uniq_robin

Skill      XL: |  1  2 |
---------------+-------+-----
Axes           | 3 |  3.4
Fighting       | 4 |  4.1
Armour         | |  3.7
Shields        | |  3.7

Action                   || total
-------------------------++-------
Melee: War axe           ||    77
  Use: Potion            ||     3
Armor: Scale mail        ||    53
Dodge: Dodged            ||    57
Block: Buckler           ||    27

Table legend: (Time is in decaauts)
 A = Elapsed time spent in this place.
 B = Non-inter-level travel time spent in this place.
 C = Inter-level travel time spent in this place.
 D = Time resting spent in this place.
 E = Time spent auto-exploring this place.
 F = Levels seen in this place.
 G = Mean time per level.
                   A        B        C        D        E       F      G
               +--------+--------+--------+--------+--------+-----+--------+
         Total |    987 |    987 |      0 |      0 |    627 |   2 |  493.5 |
       Dungeon |    987 |    987 |      0 |      0 |    627 |   2 |  493.5 |
               +--------+--------+--------+--------+--------+-----+--------+

Top non-repeatable levels by time:
     D:1: 844 daAuts
     D:2: 143 daAuts
